IL
SYRACUSE CHIEFS @ BUFFALO BISONS
07/02/1982
 
TOP OF THE 1ST
Syracuse Chiefs batting - Pitching for Buffalo Bisons : RHP Bill Landrum
Pitching: RHP Bill Landrum
Batting: SHB Jeff Doyle 0-0: Ball
1-0: Called Strike
1-1: Ball
2-1: Ground out 4-3 (Groundball, 4, EV 107.5 MPH)
Batting: RHB Phil Garner 0-0: Foul Ball, location: 2F
0-1: Fly out, F8 (Line Drive, 8RM, EV 103.8 MPH)
Batting: RHB Jim G Wilson 0-0: Foul Ball, location: 2F
0-1: Called Strike
0-2: Strikes out looking
Top of the 1st over - 0 runs, 0 hits, 0 errors, 0 left on base; Syracuse 0 - Buffalo 0
BOTTOM OF THE 1ST
Buffalo Bisons batting - Pitching for Syracuse Chiefs : RHP Ernie McAnally
Pitching: RHP Ernie McAnally
Batting: RHB Juan Villa 0-0: Foul Ball, location: 2F
0-1: Ball
1-1: Foul Ball, location: 2F
1-2: Ball
2-2: Foul Ball, location: 2F
2-2: Ball
3-2: Fly out, F8 (Flyball, 8RD, EV 92.5 MPH)
Batting: LHB Doe Boyland 0-0: Called Strike
0-1: Foul Ball, location: 2F
0-2: Ball
1-2: Ball
2-2: Fly out, F7 (Flyball, 7S, EV 83.1 MPH)
Batting: RHB Bill Bathe 0-0: Fly out, F8 (Flyball, 8LM, EV 94.4 MPH)
Bottom of the 1st over - 0 runs, 0 hits, 0 errors, 0 left on base; Syracuse 0 - Buffalo 0
TOP OF THE 2ND
Syracuse Chiefs batting - Pitching for Buffalo Bisons : RHP Bill Landrum
Batting: RHB Hector Cruz 0-0: Called Strike
0-1: Ball
1-1: Ground out 4-3 (Groundball, 4, EV 104.4 MPH)
Batting: LHB Darryl Strawberry 0-0: Called Strike
0-1: SINGLE (Groundball, 4MD, EV 103.1 MPH)
Batting: LHB Wayne Gross 0-0: SINGLE (Groundball, 4MD, EV 106.3 MPH)
Darryl Strawberry to second
Batting: RHB Dusty Baker 0-0: Ball
1-0: SINGLE (Flyball, 8RS, EV 86.9 MPH)
Darryl Strawberry to third
Wayne Gross to second
Runner from 3rd tries for Home, SAFE, throw by CF to home
Batting: LHB Danny Goodwin 0-0: Called Strike
0-1: Swinging Strike
0-2: Ball
1-2: Ball
2-2: SINGLE (Groundball, 34D, EV 97.5 MPH)
Wayne Gross to third
Dusty Baker to second
Runner from 3rd tries for Home, SAFE, throw by RF to home
Batting: LHB Jon Jimenez 0-0: Ball
1-0: Ball
2-0: Ball
3-0: Base on Balls
Dusty Baker to third
Danny Goodwin to second
Batting: SHB Jeff Doyle 0-0: Called Strike
0-1: SINGLE (Groundball, 34D, EV 106.3 MPH)
Dusty Baker scores
Danny Goodwin to third
Jon Jimenez to second
Runner from 3rd tries for Home, SAFE, throw by RF to home
Batting: RHB Phil Garner 0-0: Called Strike
0-1: Ball
1-1: Swinging Strike
1-2: Ground out 6-3 (Groundball, 6S, EV 74.4 MPH)
Jon Jimenez to third
Jeff Doyle to second
Batting: RHB Jim G Wilson 0-0: Swinging Strike
0-1: Fly out, F9 (Flyball, 9, EV 88.1 MPH)
Top of the 2nd over - 4 runs, 5 hits, 0 errors, 2 left on base; Syracuse 4 - Buffalo 0
BOTTOM OF THE 2ND
Buffalo Bisons batting - Pitching for Syracuse Chiefs : RHP Ernie McAnally
Batting: LHB Gary Rajsich 0-0: Ball
1-0: Ball
2-0: Fly out, F2 (Popup, 2LF, EV 95.6 MPH)
Batting: LHB Phillip Baskerville 0-0: Called Strike
0-1: Called Strike
0-2: SINGLE (Line Drive, 9S, EV 105.6 MPH)
Batting: RHB Pat Keedy 0-0: Called Strike
0-1: Fly out, F7 (Line Drive, 7, EV 94.4 MPH)
Batting: RHB Carlos Matamoros 0-0: Ball
1-0: Ball
2-0: Called Strike
2-1: Fly out, F8 (Flyball, 89S, EV 91.9 MPH)
Bottom of the 2nd over - 0 runs, 1 hit, 0 errors, 1 left on base; Syracuse 4 - Buffalo 0
TOP OF THE 3RD
Syracuse Chiefs batting - Pitching for Buffalo Bisons : RHP Bill Landrum
Batting: RHB Hector Cruz 0-0: Called Strike
0-1: Ball
1-1: Ball
2-1: Called Strike
2-2: Ground out 5-3 (Groundball, 56, EV 86.9 MPH)
Batting: LHB Darryl Strawberry 0-0: Ball
1-0: Fly out, F8 (Flyball, 8LD, EV 100.6 MPH)
Batting: LHB Wayne Gross 0-0: SOLO HOME RUN (Flyball, 9D, EV 111.9 MPH), Distance : 376 ft
Batting: RHB Dusty Baker 0-0: Ball
1-0: Ball
2-0: Ball
3-0: Called Strike
3-1: Base on Balls
Batting: LHB Danny Goodwin 0-0: Ball
1-0: Foul Ball, location: 2F
1-1: Foul Ball, location: 2F
1-2: Fly out, F9 (Flyball, 9LM, EV 91.3 MPH)
Top of the 3rd over - 1 run, 1 hit, 0 errors, 1 left on base; Syracuse 5 - Buffalo 0
BOTTOM OF THE 3RD
Buffalo Bisons batting - Pitching for Syracuse Chiefs : RHP Ernie McAnally
Batting: RHB John Denman 0-0: Fly out, F9 (Flyball, 89M, EV 91.9 MPH)
Batting: RHB Nicholas Kintz 0-0: Ball
1-0: Called Strike
1-1: Ground out 6-3 (Groundball, 6, EV 80.6 MPH)
Batting: RHB Juan Villa 0-0: Called Strike
0-1: Ball
1-1: Swinging Strike
1-2: Foul Ball, location: 2F
1-2: Foul Ball, location: 2F
1-2: Ball
2-2: Ball
3-2: Foul Ball, location: 2F
3-2: Foul Ball, location: 2F
3-2: Foul Ball, location: 2F
3-2: Strikes out swinging
Bottom of the 3rd over - 0 runs, 0 hits, 0 errors, 0 left on base; Syracuse 5 - Buffalo 0
TOP OF THE 4TH
Syracuse Chiefs batting - Pitching for Buffalo Bisons : RHP Bill Landrum
Batting: LHB Jon Jimenez 0-0: Ball
1-0: Ball
2-0: Called Strike
2-1: Fly out, F7 (Line Drive, 7, EV 91.3 MPH)
Batting: SHB Jeff Doyle 0-0: Swinging Strike
0-1: Ball
1-1: SINGLE (Line Drive, 78S, EV 95.6 MPH)
Batting: RHB Phil Garner 0-0: Called Strike
0-1: Fielders Choice at 2nd, 6-4 (Groundball, 6, EV 106.3 MPH)
Batting: RHB Jim G Wilson 0-0: Ball
1-0: Swinging Strike
1-1: Called Strike
1-2: Strikes out looking
Top of the 4th over - 0 runs, 1 hit, 0 errors, 1 left on base; Syracuse 5 - Buffalo 0
BOTTOM OF THE 4TH
Buffalo Bisons batting - Pitching for Syracuse Chiefs : RHP Ernie McAnally
Batting: LHB Doe Boyland 0-0: Swinging Strike
0-1: Ball
1-1: Foul Ball, location: 2F
1-2: Foul Ball, location: 2F
1-2: Foul Ball, location: 2F
1-2: Ball
2-2: Strikes out swinging
Batting: RHB Bill Bathe 0-0: Called Strike
0-1: Ground out 3-1 (Groundball, 34, EV 86.9 MPH)
Batting: LHB Gary Rajsich 0-0: Called Strike
0-1: Ground out 4-3 (Groundball, 4, EV 96.9 MPH)
Bottom of the 4th over - 0 runs, 0 hits, 0 errors, 0 left on base; Syracuse 5 - Buffalo 0
TOP OF THE 5TH
Syracuse Chiefs batting - Pitching for Buffalo Bisons : RHP Bill Landrum
Batting: RHB Hector Cruz 0-0: Ball
1-0: Ball
2-0: Foul Ball, location: 2F
2-1: Ball
3-1: Foul Ball, location: 2F
3-2: Base on Balls
Batting: LHB Darryl Strawberry 0-0: Ball
1-0: Ball
2-0: Ball
3-0: Called Strike
3-1: Called Strike
3-2: Foul Ball, location: 2F
3-2: SINGLE (Groundball, 34S, EV 70.6 MPH) (infield hit)
Hector Cruz to second
Pitching: LHP Richard Graser
Batting: LHB Wayne Gross 0-0: Swinging Strike
0-1: Ball
1-1: Swinging Strike
1-2: Ball
2-2: Strikes out swinging
Batting: RHB Dusty Baker 0-0: SINGLE (Flyball, 5D, EV 91.9 MPH)
Hector Cruz to third
Darryl Strawberry to second
Batting: LHB Danny Goodwin 0-0: Fly out, F9 (Line Drive, 9, EV 91.3 MPH)
Runner from 3rd tags up, SCORES, throw by RF
Batting: LHB Jon Jimenez 0-0: Ball
1-0: Fielders Choice at 2nd, U4 (Groundball, 4M, EV 104.4 MPH)
Top of the 5th over - 1 run, 2 hits, 0 errors, 2 left on base; Syracuse 6 - Buffalo 0
BOTTOM OF THE 5TH
Buffalo Bisons batting - Pitching for Syracuse Chiefs : RHP Ernie McAnally
Batting: LHB Phillip Baskerville 0-0: Ball
1-0: Ball
2-0: Ball
3-0: Base on Balls
Batting: RHB Pat Keedy 0-0: Ball
1-0: Ball
2-0: Called Strike
2-1: Ball
3-1: SINGLE (Groundball, 4MD, EV 95.0 MPH)
Phillip Baskerville to second
Runner from 2nd tries for 3rd, SAFE, no throw by CF
Batting: RHB Carlos Matamoros 0-0: Ball
Pat Keedy is caught stealing 2nd base 2-4
1-0: Ball
2-0: 2-RUN HOME RUN (Flyball, 78XD, EV 97.5 MPH), Distance : 422 ft
Batting: RHB John Denman 0-0: Called Strike
0-1: Ball
1-1: DOUBLE (Line Drive, 8RXD, EV 105.0 MPH)
Batting: RHB Nicholas Kintz 0-0: Swinging Strike
0-1: Called Strike
0-2: Ground out 4-3 (Groundball, 4, EV 83.8 MPH)
John Denman to third
Batting: RHB Juan Villa 0-0: Ball
1-0: Ball
2-0: Ball
3-0: Base on Balls
Batting: LHB Doe Boyland 0-0: Ball
1-0: Swinging Strike
1-1: Foul Ball, location: 2F
1-2: Ball
2-2: Ground out 5-3 (Groundball, 56S, EV 88.1 MPH)
Bottom of the 5th over - 2 runs, 3 hits, 0 errors, 2 left on base; Syracuse 6 - Buffalo 2
TOP OF THE 6TH
Syracuse Chiefs batting - Pitching for Buffalo Bisons : LHP Richard Graser
Batting: SHB Jeff Doyle 0-0: Fly out, F7 (Flyball, 7S, EV 80.6 MPH)
Batting: RHB Phil Garner 0-0: Ball
1-0: Swinging Strike
1-1: Fly out, F1 (Line Drive, P, EV 66.3 MPH)
Batting: RHB Jim G Wilson 0-0: Foul Ball, location: 2F
0-1: Fly out, F7 (Line Drive, 7, EV 88.1 MPH)
Top of the 6th over - 0 runs, 0 hits, 0 errors, 0 left on base; Syracuse 6 - Buffalo 2
BOTTOM OF THE 6TH
Buffalo Bisons batting - Pitching for Syracuse Chiefs : RHP Ernie McAnally
Batting: RHB Bill Bathe 0-0: Called Strike
0-1: Called Strike
0-2: Ground out 6-3 (Groundball, 6MS, EV 85.0 MPH)
Batting: LHB Gary Rajsich 0-0: Fly out, F9 (Flyball, 89D, EV 93.1 MPH)
Batting: LHB Phillip Baskerville 0-0: Ball
1-0: Fly out, F8 (Flyball, 8RXD, EV 100.6 MPH)
Bottom of the 6th over - 0 runs, 0 hits, 0 errors, 0 left on base; Syracuse 6 - Buffalo 2
TOP OF THE 7TH
Syracuse Chiefs batting - Pitching for Buffalo Bisons : LHP Richard Graser
Batting: RHB Hector Cruz 0-0: Ball
1-0: Ball
2-0: Ball
3-0: Base on Balls
Pitching: RHP Terry Clark
Batting: LHB Darryl Strawberry 0-0: Called Strike
0-1: Swinging Strike
0-2: Strikes out looking
Batting: LHB Wayne Gross 0-0: Called Strike
Hector Cruz steals 2nd base
0-1: Ball
1-1: Ball
2-1: Ground out 5-3 (Groundball, 5, EV 88.8 MPH)
Batting: RHB Dusty Baker 0-0: Foul Ball, location: 2F
0-1: Ball
1-1: SINGLE (Groundball, 6S, EV 68.8 MPH) (infield hit)
Hector Cruz to third
Batting: LHB Danny Goodwin 0-0: Single, Error in OF, E9, batter to second base (Groundball, 3D, EV 100.6 MPH)
Hector Cruz scores
Dusty Baker to third
Batting: LHB Jon Jimenez 0-0: Swinging Strike
0-1: Ball
1-1: Ball
2-1: Swinging Strike
2-2: Foul Ball, location: 2F
2-2: SINGLE (Groundball, 56D, EV 103.1 MPH)
Dusty Baker scores
Danny Goodwin to third
Runner from 3rd tries for Home, SAFE, throw by LF to home
Batting: SHB Jeff Doyle 0-0: Ball
1-0: Called Strike
1-1: Swinging Strike
1-2: Ball
2-2: Foul Ball, location: 2F
2-2: Fly out, F8 (Line Drive, 8LD, EV 93.1 MPH)
Top of the 7th over - 3 runs, 3 hits, 1 error, 1 left on base; Syracuse 9 - Buffalo 2
BOTTOM OF THE 7TH
Buffalo Bisons batting - Pitching for Syracuse Chiefs : RHP Ernie McAnally
Batting: RHB Pat Keedy 0-0: Called Strike
0-1: Ball
1-1: Ball
2-1: SINGLE (Flyball, 8LS, EV 91.3 MPH)
Batting: RHB Carlos Matamoros 0-0: Ball
1-0: Fly out, F7 (Line Drive, 7, EV 96.9 MPH)
Batting: RHB John Denman 0-0: Ball
1-0: Ball
2-0: Called Strike
2-1: Swinging Strike
2-2: Ground out 5-3 (Groundball, 56S, EV 78.1 MPH)
Pat Keedy to second
Batting: RHB Nicholas Kintz 0-0: Ball
1-0: Ball
2-0: Fly out, F9 (Line Drive, 9D, EV 105.6 MPH)
Bottom of the 7th over - 0 runs, 1 hit, 0 errors, 1 left on base; Syracuse 9 - Buffalo 2
TOP OF THE 8TH
Syracuse Chiefs batting - Pitching for Buffalo Bisons : RHP Terry Clark
Pinch Hitting: RHB Hubie Brooks 0-0: Called Strike
0-1: Swinging Strike
0-2: Strikes out swinging
Pinch Hitting: SHB Al Pardo 0-0: Foul Ball, location: 2F
0-1: Foul Ball, location: 2F
0-2: Ball
1-2: Ball
2-2: Foul Ball, location: 2F
2-2: Ball
3-2: Base on Balls
Batting: RHB Hector Cruz 0-0: Called Strike
0-1: Ball
1-1: Called Strike
1-2: Strikes out swinging
Batting: LHB Darryl Strawberry 0-0: Foul Ball, location: 2F
0-1: Ball
1-1: Foul Ball, location: 2F
1-2: Ball
2-2: Foul Ball, location: 2F
2-2: Fly out, F2 (Popup, 13S, EV 80.6 MPH)
Top of the 8th over - 0 runs, 0 hits, 0 errors, 1 left on base; Syracuse 9 - Buffalo 2
BOTTOM OF THE 8TH
Buffalo Bisons batting - Pitching for Syracuse Chiefs : RHP Ernie McAnally
Now at 1B: Al Pardo
Now at 3B: Hubie Brooks
Batting: RHB Juan Villa 0-0: Foul Ball, location: 2F
0-1: Called Strike
0-2: Hit by Pitch
Batting: LHB Doe Boyland 0-0: Ball
Wild Pitch!
Juan Villa to second
1-0: Ball
2-0: Foul Ball, location: 2F
2-1: Foul Ball, location: 2F
2-2: Fly out, F9 (Flyball, 89M, EV 88.8 MPH)
Batting: RHB Bill Bathe 0-0: DOUBLE (Groundball, 5L, EV 108.1 MPH)
Juan Villa scores
Batting: LHB Gary Rajsich 0-0: Called Strike
0-1: Swinging Strike
0-2: Ball
1-2: Foul Ball, location: 2F
1-2: Foul Ball, location: 2F
1-2: Ball
2-2: Ball
3-2: 2-RUN HOME RUN (Flyball, 78XD, EV 101.3 MPH), Distance : 404 ft
Batting: LHB Phillip Baskerville 0-0: Called Strike
0-1: Ball
1-1: Ball
2-1: Foul Ball, location: 2F
2-2: Strikes out looking
Batting: RHB Pat Keedy 0-0: Swinging Strike
0-1: Ball
1-1: Fly out, F7 (Flyball, 7D, EV 93.8 MPH)
Bottom of the 8th over - 3 runs, 2 hits, 0 errors, 0 left on base; Syracuse 9 - Buffalo 5
TOP OF THE 9TH
Syracuse Chiefs batting - Pitching for Buffalo Bisons : RHP Terry Clark
Pitching: RHP John Stuper
Batting: LHB Wayne Gross 0-0: Called Strike
0-1: Ball
1-1: Foul Ball, location: 2F
1-2: Strikes out swinging
Batting: RHB Dusty Baker 0-0: Ground out 6-3 (Groundball, 6S, EV 68.1 MPH)
Batting: LHB Danny Goodwin 0-0: Called Strike
0-1: Reached on error, E5 (Groundball, 5, EV 86.9 MPH)
Batting: LHB Jon Jimenez 0-0: Called Strike
0-1: Called Strike
0-2: Ball
1-2: Ball
2-2: Ground out 6-3 (Groundball, 56, EV 104.4 MPH)
Top of the 9th over - 0 runs, 0 hits, 1 error, 1 left on base; Syracuse 9 - Buffalo 5
BOTTOM OF THE 9TH
Buffalo Bisons batting - Pitching for Syracuse Chiefs : RHP Ernie McAnally
Pitching: RHP Mel Stottlemyre Sr
Batting: RHB Carlos Matamoros 0-0: Called Strike
0-1: Fly out, F9 (Flyball, 89D, EV 85.0 MPH)
Batting: RHB John Denman 0-0: Ball
1-0: Foul Ball, location: 2F
1-1: Fly out, F9 (Line Drive, 9D, EV 90.0 MPH)
Batting: RHB Nicholas Kintz 0-0: Called Strike
0-1: Called Strike
0-2: Foul Ball, location: 2F
0-2: Strikes out swinging
Bottom of the 9th over - 0 runs, 0 hits, 0 errors, 0 left on base; Syracuse 9 - Buffalo 5
Wednesday, August 12th, 2020 - OOTP Baseball 21.5 Build 76